 Dungeon Sprint DCSS version 0.26-a0-1040-gbe3abf3417 (webtiles) character file.

Game seed: 10491168065908155406

696804 mhtbhm the Conqueror (level 22, -9/349 HPs)
             Began as a Minotaur Gladiator on Dec 11, 2020.
             Was the Champion of Okawaru.
             Mangled by Asmodeus
             ... wielding the +7 sceptre of Asmodeus
              (25 damage)
             ... in the Dungeon (Sprint IX: "|||||||||||||||||||||||||||||").
             The game lasted 00:36:14 (17674 turns).

mhtbhm the Conqueror (Minotaur Gladiator)          Turns: 17674, Time: 00:36:15

Health: -9/349     AC: 45    Str: 42    XL:     22   Next: 25%
Magic:  34/38      EV: 26    Int:  5    God:    Okawaru [******]
Gold:   1385       SH: 35    Dex: 17    Spells: 29/29 levels left

rFire    + . .     SeeInvis .   c - +4 sacred scourge (holy)
rCold    + . .     Faith    .   r - +5 tower shield of Ycun {+Blink}
rNeg     . . .     Spirit   .   b - +4 gold dragon scales
rPois    +         Reflect  .   n - +2 hat
rElec    .         Harm     .   t - +2 cloak {Will+}
rCorr    .         Rampage  +   m - +0 pair of gloves {Str+3}
Will     ++...     NoTele   +   s - +1 pair of boots {rampage}
Stlth    ..........             L - amulet "Yliosaoc" {Regen+ Str+3}
HPRegen  1.08/turn              M - ring "Vuus" {AC+3 Str+2 Dex+4}
MPRegen  0.26/turn              p - +6 ring of strength

@: berserking, heroism, hasted, very quick
A: retaliatory headbutt, horns 2
}: 13/17 runes: decaying, serpentine, barnacled, slimy, elven, silver, golden,
iron, icy, abyssal, magical, dark, gossamer
a: Heroism, Finesse, Renounce Religion, Evoke Blink


You were in the Dungeon.
You worshipped Okawaru.
Okawaru was exalted by your worship.
You visited 1 branch You collected 1943 gold pieces.
You spent 558 gold pieces at shops.

Inventory:

Hand Weapons
 a - the +7 lajatang of Order {silver, rMut}
   (Okawaru gifted it to you in the Dungeon)

   It protects you from mutation.
 c - a +4 sacred scourge of holy wrath (weapon)
 I - the +6 quarterstaff "Juyg" {vorpal, rElec rPois rN+++ Stlth-}
   (Okawaru gifted it to you in the Dungeon)

   It inflicts extra damage upon your enemies.
   It insulates you from electricity.
   It protects you from poison.
   It renders you almost immune to negative energy.
   It makes you less stealthy.
Missiles
 d - 3 throwing nets
 f - 29 silver javelins (quivered)
 o - 23 javelins
 x - 4 curare-tipped darts
Armour
 b - +4 gold dragon scales (worn)
 m - a +0 pair of gloves of strength (worn)
 n - a +2 hat (worn)
 r - the +5 tower shield of Ycun (worn) {+Blink}
   (You took it off Louise in the Dungeon)

   It lets you blink.
 s - a +1 pair of boots of rampaging (worn)
 t - a +2 cloak of willpower (worn)
 u - the +0 kite shield "Dinip" {rElec}
   (Okawaru gifted it to you in the Dungeon)

   It insulates you from electricity.
 v - a +0 pair of boots of stealth
 w - a +0 cloak of preservation
Jewellery
 p - a +6 ring of strength (right hand)
 J - the ring of Koujutez {+Blink SInv}
   (You found it in the Dungeon)

   [ring of see invisible]

   It lets you see invisible.
   It lets you blink.
 L - the amulet "Yliosaoc" (around neck) {Regen+ Str+3}
   (You found it in the Dungeon)

   [amulet of regeneration]

   It affects your strength (+3).
   It increases your rate of regeneration.
 M - the ring "Vuus" (left hand) {AC+3 Str+2 Dex+4}
   (You found it in the Dungeon)

   [ring of protection]

   It affects your AC (+3).
   It affects your strength (+2).
   It affects your dexterity (+4).
Wands
 C - a wand of digging (4)
Scrolls
 j - 2 scrolls of blinking
 k - 10 scrolls of remove curse
 l - 2 scrolls of amnesia
 E - 5 scrolls of fear
 F - a scroll of fog
 G - 2 scrolls of identify
Potions
 e - 5 potions of curing
 g - 4 potions of haste
 h - 9 potions of magic
 z - 2 potions of mutation
 A - 2 potions of brilliance
 H - 3 potions of flight
Miscellaneous
 y - the horn of Geryon


   Skills:
 O Level 27 Fighting
 + Level 7.0(13.8) Short Blades
 + Level 9.0(15.2) Long Blades
 + Level 7.6(24.7) Axes
 O Level 27 Maces & Flails
 O Level 27 Staves
 - Level 2.1(25.2) Slings
 - Level 2.1(7.1) Bows
 - Level 2.1(7.1) Crossbows
 O Level 27 Throwing
 O Level 27 Armour
 O Level 27 Dodging
 O Level 27 Stealth
 O Level 27 Shields
 - Level 2.1(7.1) Unarmed Combat
 + Level 4.1 Spellcasting
 + Level 4.8 Conjurations
 + Level 4.0 Hexes
 + Level 4.8 Summonings
 + Level 4.5 Necromancy
 + Level 4.4 Translocations
 + Level 4.8 Transmutations
 + Level 4.8 Fire Magic
 + Level 4.7 Ice Magic
 + Level 4.6 Air Magic
 + Level 5.3 Earth Magic
 + Level 4.8 Poison Magic
 O Level 27 Invocations
 O Level 27 Evocations


You had 29 spell levels left.
You didn't know any spells.
Your spell library contained the following spells:

 Spells                   Type           Power        Failure   Level
 Bolt of Magma            Conj/Fire/Erth #.........   99%         5
 Iskenderun's Battlesphe  Conj           #.......     99%         5
 Iron Shot                Conj/Erth      #.........   100%        6
 Orb of Destruction       Conj           #.........   100%        7
 Spellforged Servitor     Conj/Summ      #.........   100%        7


Dungeon Overview and Level Annotations

Branches:
Dungeon (1/1)

Altars:
Cheibriados
Dithmenos
Elyvilon
Fedhas
Gozag
Hepliaklqana
Kikubaaqudgha
Makhleb
Nemelex Xobeh
Okawaru
Qazlal
Ru
Sif Muna
Trog
Uskayaw
Vehumet
Wu Jian
Xom
Yredelemnul
Zin
The Shining One
Beogh
Jiyva
Lugonu

Shops:
D :}[!

Annotations:
D Asmodeus


Innate Abilities, Weirdness & Mutations

You reflexively headbutt those who attack you in melee.
You have a pair of horns on your head.


Message History

The bolt of fire hits the Brimstone Fiend.
The Brimstone Fiend completely resists.
The bolt of fire hits Asmodeus but does no damage.
The bolt of fire misses you.
You hit Asmodeus but do no damage. You headbutt Asmodeus!!
Asmodeus is moderately wounded.
You are engulfed in blazing flames.
You resist.
The Brimstone Fiend calls on the powers of darkness!
Your body is wracked with pain!
* * * LOW HITPOINT WARNING * * *
You whack Asmodeus!
Asmodeus convulses!
You headbutt Asmodeus, but do no damage.
Asmodeus is moderately wounded.
You are engulfed in blazing flames.
You resist.
Unknown command.
You thrash Asmodeus!!
Asmodeus convulses!!
You headbutt Asmodeus!
Asmodeus is heavily wounded.
You are engulfed in blazing flames.
You resist.
Asmodeus hits you with the +7 sceptre of Asmodeus!!
You die...

▓▓▓▓▓▓▓▓▓▓▓▓▓▓▓▓▓▓▓▓▓▓▓▓
'†...........φ..@&1φR.φ▓
▓▓▓▓▓▓▓▓▓▓▓▓▓▓▓▓▓▓▓▓▓▓▓▓
.......................▓
▓▓▓▓▓▓▓▓▓▓▓▓▓▓▓▓▓▓▓▓▓▓.▓
†...'...........'......▓
▓▓▓▓▓▓▓▓▓▓▓▓▓▓▓▓▓▓▓▓▓▓▓▓
....................[..▓
▓▓▓▓▓▓▓▓▓▓▓▓▓▓▓▓▓▓▓▓▓▓.▓
.................'....)▓


You could see Asmodeus (clouds), a Brimstone Fiend (summoned) and an efreet
(summoned).

Vanquished Creatures
  Cerebov (D)
  the Royal Jelly (D)
  Antaeus (D)
  Gloorx Vloq (D)
  Mnoleg (D)
  Lom Lobon (D)
  Ereshkigal (D)
  Dispater (D)
  3 orbs of fire (D)
  Mennas (D)
  6 ancient liches (D)
  3 royal mummies (D)
  Sojobo (D)
  Boris (D)
  Frederick (D)
  Xtahua (D)
  A Killer Klown (D)
  4 golden dragons (D)
  Geryon (D)
  A bone dragon (D)
  Nikola (D)
  3 electric golems (D)
  A tentacled monstrosity (D)
  Rupert (D)
  27 Orb Guardians (D)
  2 deep elf blademasters (D)
  2 quicksilver dragons (D)
  A deep elf master archer (D)
  Frances (D)
  13 sphinxes (D)
  3 death cobs (D)
  A titan (D)
  14 acid blobs (D)
  Gastronok (D)
  2 draconian monks (D)
  2 tengu reavers (D)
  A storm dragon (D)
  7 azure jellies (D)
  2 frost giants (D)
  8 nagarajas (D)
  13 shadow dragons (D)
  Ilsuiw (D)
  A fire giant (D)
  4 deep elf sorcerers (D)
  2 vault wardens (D)
  3 draconian shifters (D)
  Louise (D)
  2 emperor scorpions (D)
  5 ghost moths (D)
  3 draconian stormcallers (D)
  A draconian annihilator (D)
  2 ironheart preservers (D)
  10 vampire knights (D)
  3 very ugly things (D)
  A green draconian (D)
  2 deep elf demonologists (D)
  2 bunyips (D)
  2 purple draconians (D)
  2 deep elf annihilators (D)
  A black draconian (D)
  A spark wasp (D)
  2 white draconians (D)
  An entropy weaver (D)
  Azrael (D)
  5 red draconians (D)
  4 yellow draconians (D)
  10 death oozes (D)
  A deep elf death mage (D)
  3 ettins (D)
  5 mummy priests (D)
  3 ogre magi (D)
  3 merfolk javelineers (D)
  2 deep elf high priests (D)
  Josephine (D)
  4 fire dragons (D)
  3 merfolk impalers (D)
  2 yaktaur captains (D)
  2 rakshasas (D)
  A great orb of eyes (D)
  2 naga warriors (D)
  A boulder beetle (D)
  6 ice dragons (D)
  2 spriggan air magi (D)
  4 hydras (D)
  An alligator snapping turtle (D)
  25 vault guards (D)
  2 ghost crabs (D)
  2 merfolk avatars (D)
  Erica (D)
  3 centaur warriors (D)
  2 death knights (D)
  4 merfolk aquamancers (D)
  A deep troll earth mage (D)
  An alligator (D)
  A vampire mage (D)
  2 shock serpents (D)
  A tengu warrior (D)
  An orc high priest (D)
  A spriggan berserker (D)
  A deep elf knight (D)
  A skeletal warrior (D)
  A shadow wraith (D)
  A wretched star (D)
  A spriggan druid (D)
  A naga ritualist (D)
  A glowing orange brain (shapeshifter) (D)
  A sea snake (D)
  2 glowing orange brains (D)
  5 swamp dragons (D)
  A large abomination (D)
  A deep elf archer (D)
  An ironbrand convoker (D)
  A harpy (shapeshifter) (D)
  An orb spider (D)
  10 orc knights (D)
  A necromancer (D)
  6 wolf spiders (D)
  An orb spider (shapeshifter) (D)
  A deep elf mage (D)
  A mana viper (D)
  An ugly thing (D)
  A slime creature (D)
  2 merfolk sirens (D)
  A will-o-the-wisp (D)
  Joseph (D)
  4 black mambas (D)
  An elephant (shapeshifter) (D)
  9 moths of wrath (D)
  2 worldbinders (D)
  A vault sentinel (D)
  Maurice (D)
  2 guardian serpents (D)
  A water nymph (D)
  2 naga magi (D)
  A torpor snail (D)
  6 cane toads (D)
  A kobold demonologist (D)
  3 yaktaurs (D)
  An orange demon (D)
  A komodo dragon (D)
  A rime drake (D)
  20 guardian mummies (D)
  3 freezing wraiths (D)
  4 tengu conjurers (D)
  2 jumping spiders (D)
  A troll (D)
  A wandering mushroom (D)
  2 merfolk (D)
  A hornet (D)
  A raiju (D)
  3 tyrant leeches (D)
  A raiju (shapeshifter) (D)
  11 spriggans (D)
  3 redbacks (D)
  A water elemental (D)
  A shadow (D)
  4 basilisks (D)
  2 wyverns (D)
  2 fire elementals (D)
  4 yaks (D)
  4 wraiths (D)
  A human (shapeshifter) (D)
  2 vampire mosquitoes (D)
  3 golden eyes (D)
  A neqoxec (D)
  A chaos spawn (D)
  2 water moccasins (D)
  2 nagas (D)
  4 hell hounds (D)
  A black bear (shapeshifter) (D)
  15 orc warriors (D)
  A necrophage (D)
  2 swamp drakes (D)
  An ogre (D)
  4 bullfrogs (D)
  A jelly (D)
  A quasit (D)
  4 orc priests (D)
  5 orc wizards (D)
  A worker ant (D)
  An adder (D)
  An ufetubus (D)
  10 orcs (D)
  A ball python (D)
  A bat skeleton (D)
  2 bat zombies (D)
  A goblin (D)
  A hobgoblin (D)
  A kobold (D)
  A frilled lizard (D)
  A jackal skeleton (D)
  A leopard gecko simulacrum (D)
  13 ball lightnings (D)
  A lurking horror (D)
545 creatures vanquished.

Vanquished Creatures (others)
  2 golden dragons (D)
  A merfolk javelineer (D)
  A hydra (D)
  A swamp dragon (D)
  4 ball lightnings (D)
  3 foxfires (D)
12 creatures vanquished.

Grand Total: 557 creatures vanquished

Notes
Turn   | Place    | Note
-------+----------+-------------------------------------------
     0 | D        | mhtbhm the Minotaur Gladiator began the quest for the Orb.
     0 | D        | Reached XP level 1. HP: 18/18 MP: 0/0
    87 | D        | Noticed an ogre
    87 | D        | Noticed an orc priest
    92 | D        | Killed an ogre
    93 | D        | Reached XP level 2. HP: 20/27 MP: 1/1
    93 | D        | Reached XP level 3. HP: 25/33 MP: 2/2
    93 | D        | Reached XP level 4. HP: 30/40 MP: 3/3
   111 | D        | Found a roughly hewn altar of Beogh.
   111 | D        | Found a snail-covered altar of Cheibriados.
   111 | D        | Found a shadowy altar of Dithmenos.
   111 | D        | Found a white marble altar of Elyvilon.
   111 | D        | Found a blossoming altar of Fedhas.
   111 | D        | Found an opulent altar of Gozag.
   112 | D        | Found a hazy altar of Hepliaklqana.
   113 | D        | Found a viscous altar of Jiyva.
   114 | D        | Found an ancient bone altar of Kikubaaqudgha.
   115 | D        | Found a corrupted altar of Lugonu.
   116 | D        | Found a burning altar of Makhleb.
   117 | D        | Found a sparkling altar of Nemelex Xobeh.
   118 | D        | Found an iron altar of Okawaru.
   119 | D        | Found a stormy altar of Qazlal.
   120 | D        | Found a sacrificial altar of Ru.
   121 | D        | Found a shimmering blue altar of Sif Muna.
   122 | D        | Found a bloodstained altar of Trog.
   123 | D        | Found a hide-covered altar of Uskayaw.
   124 | D        | Found a radiant altar of Vehumet.
   125 | D        | Found an ornate altar of the Wu Jian Council.
   126 | D        | Became a worshipper of Warmaster Okawaru
   127 | D        | Found a shimmering altar of Xom.
   128 | D        | Found a basalt altar of Yredelemnul.
   367 | D        | Found a glowing silver altar of Zin.
   368 | D        | Found a glowing golden altar of the Shining One.
   415 | D        | Noticed a troll
   419 | D        | Reached skill level 1 in Armour
   419 | D        | Reached XP level 5. HP: 43/47 MP: 4/4
   420 | D        | Reached skill level 5 in Fighting
   423 | D        | Killed a troll
   423 | D        | Reached * piety under Okawaru
   424 | D        | Reached XP level 6. HP: 24/58 MP: 5/5
   705 | D        | Noticed a shadow
   705 | D        | Noticed a wyvern
   715 | D        | Killed a shadow
   716 | D        | Reached skill level 5 in Throwing
   716 | D        | Reached skill level 10 in Dodging
   716 | D        | Reached XP level 7. HP: 54/66 MP: 6/6
   724 | D        | Killed a wyvern
   990 | D        | Noticed a basilisk
   990 | D        | Noticed a komodo dragon
   990 | D        | Noticed a cane toad
   990 | D        | Noticed a cane toad
   992 | D        | Noticed a basilisk
   994 | D        | Noticed a black mamba
  1004 | D        | Killed a komodo dragon
  1004 | D        | Reached ** piety under Okawaru
  1005 | D        | Reached skill level 5 in Armour
  1005 | D        | Reached XP level 8. HP: 30/74 MP: 4/7
  1204 | D        | Noticed a rime drake
  1219 | D        | Killed a cane toad
  1219 | D        | Reached *** piety under Okawaru
  1220 | D        | Reached skill level 15 in Staves
  1229 | D        | Killed a cane toad
  1235 | D        | Reached XP level 9. HP: 56/82 MP: 8/8
  1243 | D        | Killed a black mamba
  1243 | D        | Reached **** piety under Okawaru
  1253 | D        | Killed a rime drake
  1490 | D        | Noticed a black mamba
  1490 | D        | Noticed a cane toad
  1503 | D        | Killed a black mamba
  1504 | D        | Reached skill level 10 in Fighting
  1505 | D        | Reached ***** piety under Okawaru
  1506 | D        | Reached skill level 10 in Armour
  1507 | D        | Killed a cane toad
  1532 | D        | Reached XP level 10. HP: 67/94 MP: 9/9
  1695 | D        | Noticed a cane toad
  1695 | D        | Noticed a cane toad
  1695 | D        | Noticed a cane toad
  1700 | D        | Killed a cane toad
  1706 | D        | Killed a cane toad
  1714 | D        | Reached skill level 1 in Evocations
  1719 | D        | Killed a cane toad
  1719 | D        | Received a gift from Okawaru
  1924 | D        | Noticed Maurice
  1942 | D        | Killed Maurice
  1942 | D        | Received a gift from Okawaru
  1992 | D        | Noticed Joseph
  2007 | D        | Killed Joseph
  2014 | D        | Noticed Josephine
  2033 | D        | Killed Josephine
  2044 | D        | Reached skill level 1 in Invocations
  2161 | D        | Noticed an orc knight
  2180 | D        | Killed an orc knight
  2181 | D        | Reached XP level 11. HP: 86/107 MP: 10/10
  2271 | D        | Noticed an orc knight
  2296 | D        | Noticed an orc high priest
  2304 | D        | Noticed a sixfirhy
  2315 | D        | Killed an orc knight
  2324 | D        | Reached ****** piety under Okawaru
  2332 | D        | Killed an orc high priest
  2654 | D        | Found Jabaam's Book Emporium.
  2654 | D        | Noticed an orc knight
  2654 | D        | Noticed an orc knight
  2658 | D        | Found Ycurch's Gadget Shoppe.
  2665 | D        | Noticed an orc knight
  2667 | D        | Killed an orc knight
  2858 | D        | Killed an orc knight
  2858 | D        | Received a gift from Okawaru
  2859 | D        | Reached skill level 15 in Fighting
  3199 | D        | Killed an orc knight
  3337 | D        | Found Piregiask's Antique Armour Emporium.
  3341 | D        | Found Gasmunge's Distillery.
  3345 | D        | Noticed an orc knight
  3346 | D        | Noticed an orc knight
  3346 | D        | Noticed an orc knight
  3491 | D        | Killed an orc knight
  3633 | D        | Killed an orc knight
  3634 | D        | Reached skill level 15 in Armour
  3931 | D        | Killed an orc knight
  4044 | D        | Bought a wand of acid (5) for 198 gold pieces
  4050 | D        | Bought a pair of runed boots for 120 gold pieces
  4050 | D        | Bought a pair of runed gloves for 120 gold pieces
  4100 | D        | Bought a runed chain mail for 120 gold pieces
  4132 | D        | Noticed Gastronok
  4150 | D        | Killed Gastronok
  4151 | D        | Reached skill level 1 in Stealth
  4379 | D        | Noticed a boulder beetle
  4379 | D        | Noticed an ogre mage
  4397 | D        | Reached XP level 12. HP: 117/124 MP: 11/11
  4397 | D        | Killed an ogre mage
  4418 | D        | Noticed an ettin
  4425 | D        | Killed a boulder beetle
  4425 | D        | Received a gift from Okawaru
  4426 | D        | Got a shimmering quarterstaff {god gift}
  4426 | D        | Noticed a rakshasa
  4512 | D        | Killed an ettin
  4515 | D        | Identified the +8 quarterstaff of Desertification {pain,
                  | rC+ Will- Int+3} (Okawaru gifted it to you in the Dungeon)
  4584 | D        | Killed a rakshasa
  4857 | D        | Noticed Rupert
  4858 | D        | Noticed Erica
  4859 | D        | Paralysed by Rupert for 3 turns
  4881 | D        | Killed Rupert
  4882 | D        | Reached skill level 5 in Evocations
  4885 | D        | Killed Erica
  5231 | D        | Noticed a nagaraja
  5238 | D        | Received a gift from Okawaru
  5248 | D        | Killed a nagaraja
  5259 | D        | HP: 6/129 [naga ritualist/Olgreb's Toxic Radiance (4)]
  5266 | D        | HP: 5/129 [poisoned by a naga ritualist (toxic radiance)]
  5778 | D        | Reached XP level 13. HP: 124/137 MP: 13/13
  5888 | D        | Noticed an entropy weaver
  5888 | D        | Noticed a spark wasp
  5904 | D        | Killed an entropy weaver
  5909 | D        | Killed a spark wasp
  5922 | D        | Noticed a ghost moth
  5937 | D        | Killed a ghost moth
  5949 | D        | Received a gift from Okawaru
  6205 | D        | Noticed a bunyip
  6211 | D        | Noticed a bunyip
  6223 | D        | Killed a bunyip
  6230 | D        | Received a gift from Okawaru
  6768 | D        | Killed a bunyip
  6900 | D        | Noticed a merfolk javelineer
  6915 | D        | Killed a merfolk javelineer
  7183 | D        | Noticed a fire dragon
  7188 | D        | Noticed an ettin
  7190 | D        | Killed a fire dragon
  7198 | D        | Noticed a cyan very ugly thing
  7211 | D        | Noticed a fire dragon
  7216 | D        | Noticed an ettin
  7227 | D        | Killed an ettin
  7227 | D        | Received a gift from Okawaru
  7235 | D        | HP: 6/145 [yaktaur captain/bolt (15)]
  7742 | D        | Reached XP level 14. HP: 95/154 MP: 15/15
  8296 | D        | Killed a cyan very ugly thing
  8406 | D        | Noticed a frost giant
  8420 | D        | Killed a frost giant
  8446 | D        | Received a gift from Okawaru
  8459 | D        | Noticed an ironheart preserver
  8496 | D        | Noticed a vault warden
  8501 | D        | Killed an ironheart preserver
  8516 | D        | Noticed a sphinx
  8535 | D        | Killed a vault warden
  8560 | D        | Received a gift from Okawaru
  8569 | D        | Killed a sphinx
  8859 | D        | Noticed Frances
  8877 | D        | Killed Frances
  9296 | D        | Noticed Azrael
  9314 | D        | Killed Azrael
  9803 | D        | Noticed Boris
  9825 | D        | Killed Boris
  9826 | D        | Reached XP level 15. HP: 142/170 MP: 16/16
  9904 | D        | Received a gift from Okawaru
 10061 | D        | Got a decaying rune of Zot
 10069 | D        | Noticed Ilsuiw
 10111 | D        | Killed Ilsuiw
 10111 | D        | Received a gift from Okawaru
 10112 | D        | Found the +7 lajatang of Order {silver, rMut}
 10122 | D        | Reached skill level 15 in Dodging
 10173 | D        | Got a barnacled rune of Zot
 10330 | D        | Reached skill level 27 in Fighting
 10341 | D        | Killed a ghost moth
 10353 | D        | Killed a ghost moth
 10354 | D        | Received a gift from Okawaru
 10376 | D        | Got a bronze scale mail {god gift}
 10382 | D        | Identified the +5 scale mail "Xufetok" {-Tele rPois rN+
                  | Str+2} (Okawaru gifted it to you in the Dungeon)
 10483 | D        | Killed a ghost moth
 10484 | D        | Reached skill level 5 in Invocations
 10491 | D        | Got a gossamer rune of Zot
 10703 | D        | Noticed a nagaraja
 10703 | D        | Noticed a nagaraja
 10704 | D        | Noticed a nagaraja
 10712 | D        | Noticed a nagaraja
 10714 | D        | Killed a nagaraja
 10716 | D        | Noticed a nagaraja
 10718 | D        | Noticed a nagaraja
 10719 | D        | Killed a nagaraja
 10723 | D        | Noticed a nagaraja
 10724 | D        | Killed a nagaraja
 10728 | D        | Killed a nagaraja
 10736 | D        | Killed a nagaraja
 11029 | D        | Killed a nagaraja
 11048 | D        | Killed a nagaraja
 11049 | D        | Reached skill level 27 in Armour
 11096 | D        | Got a serpentine rune of Zot
 11143 | D        | Noticed Frederick
 11152 | D        | Killed Frederick
 11152 | D        | Received a gift from Okawaru
 11220 | D        | Reached XP level 16. HP: 182/183 MP: 18/20
 11269 | D        | Reached skill level 10 in Throwing
 11356 | D        | Noticed a shadow dragon
 11374 | D        | Killed a shadow dragon
 11374 | D        | Received a gift from Okawaru
 11377 | D        | Noticed a shadow dragon
 11388 | D        | Killed a shadow dragon
 11398 | D        | Got a spiked kite shield {god gift}
 11399 | D        | Identified the +0 kite shield "Dinip" {rElec} (Okawaru
                  | gifted it to you in the Dungeon)
 11409 | D        | Noticed a shadow dragon
 11420 | D        | Killed a shadow dragon
 11543 | D        | Noticed a shadow dragon
 11543 | D        | Noticed a golden dragon
 11543 | D        | Noticed a titan
 11543 | D        | Noticed a golden dragon
 11543 | D        | Noticed a shadow dragon
 11544 | D        | Noticed an ancient lich
 11551 | D        | Killed a golden dragon
 11552 | D        | Noticed a shadow dragon
 11553 | D        | Killed a shadow dragon
 11554 | D        | Noticed a shadow dragon
 11555 | D        | Killed a titan
 11555 | D        | Killed a golden dragon
 11556 | D        | Reached skill level 15 in Throwing
 11561 | D        | Killed an ancient lich
 11562 | D        | Reached skill level 10 in Invocations
 11564 | D        | Killed a shadow dragon
 11565 | D        | Reached XP level 17. HP: 140/191 MP: 23/23
 11571 | D        | Received a gift from Okawaru
 11747 | D        | Got a pitted quarterstaff {god gift}
 11748 | D        | Identified the +6 quarterstaff "Juyg" {vorpal, rElec rPois
                  | rN+++ Stlth-} (Okawaru gifted it to you in the Dungeon)
 11891 | D        | Got a glittering iron ring
 11894 | D        | Got a silver rune of Zot
 11924 | D        | Identified the ring of Koujutez {+Blink SInv} (You found it
                  | in the Dungeon)
 11986 | D        | Noticed Sojobo
 12007 | D        | Killed Sojobo
 12031 | D        | Reached skill level 27 in Dodging
 12081 | D        | Got the amulet "Sisedupa" {RegenMP rPois rF+ Will-}
 12083 | D        | Got the amulet "Feni Uh Nua" {Spirit rF+ Will+ Slay-3 SInv}
 12085 | D        | Got the ring of Catho {Wiz Int+5}
 12087 | D        | Got the amulet "Yliosaoc" {Regen+ Str+3}
 12089 | D        | Got the ring "Vuus" {AC+3 Str+2 Dex+4}
 12208 | D        | Noticed Xtahua
 12218 | D        | Killed Xtahua
 12243 | D        | Identified the +5 tower shield of Ycun {+Blink}
 12243 | D        | Noticed Louise
 12243 | D        | Noticed Nikola
 12252 | D        | Noticed Mennas
 12254 | D        | Killed Nikola
 12267 | D        | Killed Mennas
 12267 | D        | Received a gift from Okawaru
 12280 | D        | Killed Louise
 12344 | D        | Received a gift from Okawaru
 12442 | D        | Noticed a bone dragon
 12452 | D        | Killed a bone dragon
 12472 | D        | Reached skill level 15 in Invocations
 12638 | D        | Noticed a quicksilver dragon
 12641 | D        | Killed a quicksilver dragon
 12641 | D        | Received a gift from Okawaru
 12642 | D        | Reached XP level 18. HP: 200/200 MP: 18/29
 12646 | D        | Noticed a golden dragon
 12664 | D        | Killed a golden dragon
 12836 | D        | Noticed a golden dragon
 12838 | D        | Reached skill level 27 in Throwing
 12847 | D        | Killed a golden dragon
 12990 | D        | Received a gift from Okawaru
 13190 | D        | Noticed an Orb Guardian
 13190 | D        | Noticed an Orb Guardian
 13190 | D        | Noticed an Orb Guardian
 13190 | D        | Noticed an Orb Guardian
 13190 | D        | Noticed an Orb Guardian
 13190 | D        | Noticed an Orb Guardian
 13199 | D        | Killed an Orb Guardian
 13205 | D        | Killed an Orb Guardian
 13207 | D        | Killed an Orb Guardian
 13211 | D        | Killed an Orb Guardian
 13212 | D        | Noticed an Orb Guardian
 13219 | D        | Killed an Orb Guardian
 13219 | D        | Received a gift from Okawaru
 13224 | D        | Killed an Orb Guardian
 13230 | D        | Killed an Orb Guardian
 13231 | D        | Noticed an Orb Guardian
 13233 | D        | Got a jewelled quarterstaff {god gift}
 13241 | D        | Killed an Orb Guardian
 13243 | D        | Noticed an Orb Guardian
 13244 | D        | Noticed an Orb Guardian
 13248 | D        | Killed an Orb Guardian
 13255 | D        | Killed an Orb Guardian
 13539 | D        | Identified the +6 quarterstaff "Leviticus" {pain, rPois rC+
                  | Will+} (Okawaru gifted it to you in the Dungeon)
 13547 | D        | Noticed a tentacled monstrosity
 13547 | D        | Noticed a golden dragon
 13547 | D        | Noticed an Orb Guardian
 13547 | D        | Noticed an Orb Guardian
 13551 | D        | Noticed an Orb Guardian
 13558 | D        | Killed a tentacled monstrosity
 13559 | D        | Noticed an Orb Guardian
 13565 | D        | Killed a golden dragon
 13565 | D        | Received a gift from Okawaru
 13566 | D        | Killed an Orb Guardian
 13566 | D        | Killed an Orb Guardian
 13566 | D        | Killed an Orb Guardian
 13567 | D        | Reached skill level 27 in Invocations
 13567 | D        | Killed an Orb Guardian
 13568 | D        | Reached skill level 1 in Spellcasting
 13568 | D        | Reached skill level 1 in Conjurations
 13568 | D        | Reached skill level 1 in Hexes
 13568 | D        | Reached skill level 1 in Summonings
 13568 | D        | Reached skill level 1 in Necromancy
 13568 | D        | Reached skill level 1 in Translocations
 13568 | D        | Reached skill level 1 in Transmutations
 13568 | D        | Reached skill level 1 in Fire Magic
 13568 | D        | Reached skill level 1 in Ice Magic
 13568 | D        | Reached skill level 1 in Air Magic
 13568 | D        | Reached skill level 1 in Earth Magic
 13568 | D        | Reached skill level 1 in Poison Magic
 13570 | D        | Reached skill level 10 in Evocations
 13570 | D        | Reached XP level 19. HP: 179/207 MP: 35/35
 13629 | D        | Noticed an ancient lich
 13634 | D        | Killed an ancient lich
 13637 | D        | Noticed an orb of fire
 13642 | D        | Killed an orb of fire
 13642 | D        | Received a gift from Okawaru
 13681 | D        | Noticed an electric golem
 13686 | D        | Killed an electric golem
 13687 | D        | Reached skill level 5 in Stealth
 13719 | D        | Noticed an ancient lich
 13719 | D        | Noticed an orb of fire
 13719 | D        | Noticed a golden dragon
 13720 | D        | Received a gift from Okawaru
 13722 | D        | Noticed an ancient lich
 13722 | D        | Killed an ancient lich
 13722 | D        | Received a gift from Okawaru
 13722 | D        | Killed a golden dragon
 13723 | D        | Reached skill level 15 in Evocations
 13723 | D        | Noticed an orb of fire
 13726 | D        | Killed an orb of fire
 13732 | D        | Killed an orb of fire
 13735 | D        | Noticed an electric golem
 13736 | D        | Killed an ancient lich
 13747 | D        | Killed an electric golem
 13761 | D        | Noticed an ancient lich
 13781 | D        | Killed an ancient lich
 13781 | D        | Received a gift from Okawaru
 13785 | D        | Got a pitted hand crossbow {god gift}
 13786 | D        | Identified the +1 hand crossbow "Qyaqetam" {vorpal, rN+
                  | Stlth+} (Okawaru gifted it to you in the Dungeon)
 13802 | D        | Noticed a Killer Klown
 13821 | D        | Noticed an electric golem
 13826 | D        | Killed a Killer Klown
 13826 | D        | Received a gift from Okawaru
 13842 | D        | Killed an electric golem
 14053 | D        | Reached XP level 20. HP: 215/216 MP: 36/36
 14055 | D        | Received a gift from Okawaru
 14071 | D        | Received a gift from Okawaru
 14208 | D        | Noticed an ancient lich
 14230 | D        | Reached skill level 27 in Shields
 14236 | D        | Killed an ancient lich
 14237 | D        | Reached skill level 27 in Staves
 14241 | D        | Received a gift from Okawaru
 14245 | D        | Reached skill level 10 in Stealth
 14457 | D        | Reached skill level 5 in Maces & Flails
 14478 | D        | Reached skill level 10 in Maces & Flails
 14492 | D        | Got an elven rune of Zot
 14630 | D        | Received a gift from Okawaru
 14636 | D        | Got a dazzling broad axe {god gift}
 14642 | D        | Noticed the Royal Jelly
 14657 | D        | Killed the Royal Jelly
 14658 | D        | Reached skill level 5 in Long Blades
 14658 | D        | Reached skill level 15 in Maces & Flails
 14658 | D        | Reached skill level 15 in Stealth
 14671 | D        | Reached XP level 21. HP: 170/224 MP: 37/37
 14676 | D        | Got a slimy rune of Zot
 14868 | D        | Identified the +1 broad axe "Sexuif" {freeze, Int+10}
                  | (Okawaru gifted it to you in the Dungeon)
 14948 | D        | Received a gift from Okawaru
 14956 | D        | Received a gift from Okawaru
 14957 | D        | Received a gift from Okawaru
 15562 | D        | Noticed a royal mummy
 15562 | D        | Noticed a royal mummy
 15562 | D        | Noticed a royal mummy
 15565 | D        | Reached skill level 5 in Axes
 15566 | D        | Killed a royal mummy
 15566 | D        | Killed a royal mummy
 15567 | D        | Reached skill level 5 in Short Blades
 15567 | D        | Reached skill level 27 in Evocations
 15589 | D        | Killed a royal mummy
 15711 | D        | Got a golden rune of Zot
 15956 | D        | Got an abyssal rune of Zot
 16292 | D        | Noticed Geryon
 16302 | D        | Killed Geryon
 16305 | D        | Noticed Gloorx Vloq
 16305 | D        | Noticed Lom Lobon
 16305 | D        | Noticed Antaeus
 16388 | D        | HP: 11/336 [??? (8)]
 16391 | D        | HP: 5/336 [Gloorx Vloq (4)]
 16392 | D        | Killed Gloorx Vloq
 16392 | D        | Received a gift from Okawaru
 16397 | D        | HP: 4/224 [poisoned by Gloorx Vloq (poison arrow)]
 16404 | D        | HP: 7/224 [poisoned by Gloorx Vloq (poison arrow)]
 16411 | D        | HP: 11/224 [poisoned by Gloorx Vloq (poison arrow)]
 16814 | D        | Killed Lom Lobon
 17101 | D        | Identified the +4 staff of Dispater
 17101 | D        | Noticed Dispater
 17105 | D        | Identified the +6 sword of Cerebov {flame}
 17105 | D        | Noticed Cerebov
 17131 | D        | Killed Dispater
 17157 | D        | Killed Cerebov
 17158 | D        | Reached skill level 27 in Maces & Flails
 17388 | D        | Noticed Mnoleg
 17412 | D        | Paralysed by a floating eye for 4 turns
 17426 | D        | Killed Antaeus
 17427 | D        | Reached XP level 22. HP: 90/233 MP: 27/38
 17441 | D        | Killed Mnoleg
 17443 | D        | Got a dark rune of Zot
 17634 | D        | Got a magical rune of Zot
 17639 | D        | Got an icy rune of Zot
 17643 | D        | Got an iron rune of Zot
 17645 | D        | Noticed Ereshkigal
 17647 | D        | Identified the +7 sceptre of Asmodeus
 17647 | D        | Noticed Asmodeus
 17662 | D        | Killed Ereshkigal
 17662 | D        | Received a gift from Okawaru
 17663 | D        | Reached skill level 27 in Stealth
 17663 | D        | Reached skill level 5 in Earth Magic
 17672 | D        | HP: 16/349 [???[Asmodeus] (13)]
 17674 | D        | Mangled by Asmodeus

Illustrated notes

Levels and vault maps discovered:
D:        linesprint [early_d, line_temple, items_1, d_10, items_2, lair_1,
          lair_end, items_3, orc_1, orc_end, items_4, d_15, swamp_1, shoals_1,
          snake_1, spider_1, d_20, vaults_1, items_5, swamp_end, shoals_end,
          snake_end, spider_end, vaults_end, d_27, items_6, zot_1, zot_end,
          crypt_end, forest_end, elf_end, slime_end, tomb_end, abyss_end,
          pan_hell_end]

Skill      XL: |  1  2  3  4  5  6  7  8  9 10 11 12 13 14 15 16 17 18 19 20 21 22 |
---------------+-------------------------------------------------------------------+-----
Staves         | 7 9 11 12 14 15 17 19 21 22 24 26 27 | 27.0
Dodging        | 6 7 9 10 11 12 13 14 18 26 27 | 27.0
Fighting       | 4 6 7 8 10 13 16 19 22 25 27 | 27.0
Throwing       | 3 4 5 6 8 16 25 27 | 27.0
Armour         | 1 2 3 5 7 10 13 15 18 20 23 27 | 27.0
Evocations     | 1 3 6 7 8 9 10 21 25 27 | 27.0
Invocations    | 1 2 3 6 10 16 27 | 27.0
Stealth        | 1 2 3 7 16 25 27 | 27.0
Short Blades   | 2 4 5 7 |  7.0
Long Blades    | 2 5 7 9 |  9.0
Axes           | 2 4 6 7 |  7.6
Maces & Flails | 2 16 27 | 27.0
Slings         | 2 |  2.1
Bows           | 2 |  2.1
Crossbows      | 2 |  2.1
Shields        | 3 24 27 | 27.0
Unarmed Combat | 2 |  2.1
Spellcasting   | 1 2 3 4 |  4.1
Conjurations   | 1 2 3 4 |  4.8
Hexes          | 1 2 3 4 |  4.0
Summonings     | 1 2 4 |  4.8
Necromancy     | 1 2 3 4 |  4.5
Translocations | 1 3 4 |  4.4
Transmutations | 1 3 4 |  4.8
Fire Magic     | 1 3 4 |  4.8
Ice Magic      | 1 3 4 |  4.7
Air Magic      | 1 3 4 |  4.6
Earth Magic    | 1 3 4 5 |  5.3
Poison Magic   | 1 3 4 |  4.8

Action                   |  1- 3 |  4- 6 |  7- 9 | 10-12 | 13-15 | 16-18 | 19-21 | 22-24 || total
-------------------------+-------+-------+-------+-------+-------+-------+-------+-------++-------
Melee: Quarterstaff      |     9 |    26 |   113 |   403 |   560 |   260 |   134 |       ||  1505
       Headbutt          |     4 |    10 |    23 |   104 |   219 |   139 |   140 |    11 ||   650
       Lajatang          |       |       |       |       |    96 |   145 |   103 |       ||   344
       Sacred scourge    |       |       |       |       |       |       |    94 |    29 ||   123
       Punch             |       |       |       |       |       |       |     1 |       ||     1
Throw: Throwing net      |       |       |       |       |     3 |       |       |       ||     3
       Javelin           |       |       |       |       |     1 |    43 |    90 |     6 ||   140
       Dart              |       |       |       |       |       |       |     5 |       ||     5
Invok: Heroism           |       |       |     1 |     2 |     4 |     1 |     4 |     1 ||    13
       Finesse           |       |       |       |       |       |     1 |     2 |     1 ||     4
Evoke: Wand              |       |     1 |     1 |    18 |     6 |       |       |       ||    26
       Horn of Geryon    |       |       |       |       |       |       |     1 |       ||     1
  Use: Potion            |     2 |       |     1 |     5 |     7 |     1 |    16 |     5 ||    37
       Scroll            |       |       |       |     3 |     2 |     7 |     6 |       ||    18
 Stab: Invisible         |       |       |       |       |     5 |       |       |       ||     5
       Held in net/web   |       |       |       |       |     1 |       |       |       ||     1
Armor: Plate armour      |       |     4 |    14 |    39 |       |       |       |       ||    57
       Chain mail        |       |       |       |    25 |   214 |       |       |       ||   239
       Scale mail        |       |       |       |       |    28 |    46 |       |       ||    74
       Gold dragon scale |       |       |       |       |       |   122 |   202 |    10 ||   334
Dodge: Dodged            |     2 |     2 |    28 |    98 |   272 |   236 |   220 |     3 ||   861
Block: Tower shield      |       |       |       |       |       |       |    33 |    17 ||    50

Table legend: (Time is in decaauts) A = Elapsed time spent in this place. B = Non-inter-level travel time spent in this place. C = Inter-level travel time spent in this place. D = Time resting spent in this place. E = Time spent auto-exploring this place. F = Levels seen in this place. G = Mean time per level. A B C D E F G +--------+--------+--------+--------+--------+-----+--------+ Total | 16659 | 16659 | 0 | 8323 | 2983 | 1 | 16659.0 | Dungeon | 16659 | 16659 | 0 | 8323 | 2983 | 1 | 16659.0 | +--------+--------+--------+--------+--------+-----+--------+

Top non-repeatable levels by time:
       D: 16659 daAuts
